 Dungeon Crawl Stone Soup version 0.28.0-47-ge53b351184 (webtiles) character file.

Game seed: 13287633281764475641

1 joe1234567 the Grave Robber (level 1, -2/13 HPs)
             Began as a Vampire Necromancer on May 2, 2022.
             Slain by a kobold
             ... wielding a +0 whip
              (5 damage)
             ... on level 1 of the Dungeon.
             The game lasted 00:01:15 (199 turns).

joe1234567 the Grave Robber (Vampire Necromancer)    Turns: 199, Time: 00:01:16

Health: -2/13      AC:  2    Str:  7    XL:     1   Next: 16%
Magic:  3/3        EV: 12    Int: 17    God:
Gold:   10         SH:  0    Dex: 14    Spells: 3/4 levels left

rFire   . . .      SeeInvis +   b - +0 hand axe
rCold   . . .      Faith    .   (no shield)
rNeg    . . .      Spirit   .   a - +0 robe
rPois   .          Reflect  .   (no helmet)
rElec   .          Harm     .   (no cloak)
rCorr   .          Rampage  .   (no gloves)
Will    .....                   (no boots)
Stlth   ++........              (no amulet)
HPRegen 0.24/turn               (no ring)
MPRegen 0.08/turn               (no ring)

@: healing quickly
A: alive, fangs 3, see invisible, vampiric 1
a: Exsanguinate


You were on level 1 of the Dungeon.
You visited 1 branch of the dungeon, and saw 1 of its levels.

You collected 10 gold pieces.

Inventory:

Hand Weapons
 b - a +0 hand axe (weapon)
Missiles
 e - 4 poisoned darts
Armour
 a - a +0 robe (worn)
Jewellery
 c - a ring of ice
Potions
 d - a potion of flight {unknown}


   Skills:
 + Level 2.2 Dodging
 + Level 3.0 Stealth
 + Level 2.0 Spellcasting
 + Level 4.4 Necromancy


You had 3 spell levels left.
You knew the following spells:

 Your Spells              Type           Power      Damage    Failure   Level
a - Pain                  Necr           64%        1d7       3%          1

Your spell library contained the following spells:

 Spells                   Type           Power      Damage    Failure   Level
 Animate Skeleton         Necr           32%        N/A       3%          1
 Vampiric Draining        Necr           16%        2d7       10%         3
 Animate Dead             Necr           8%         N/A       30%         4
 Agony                    Necr           16%        N/A       65%         5


Dungeon Overview and Level Annotations

Branches:
Dungeon (1/15)

Altars:


Innate Abilities, Weirdness & Mutations

Your natural rate of healing is accelerated.
You have razor-sharp teeth.
You have supernaturally acute eyesight. (SInv)
You are afflicted with vampirism.


Message History

You barely miss the bat. The bat hits you but does no damage. The bat hits you.
Found 4 poisoned darts.
The bat barely misses you. The bat hits you but does no damage.
You hit the bat.
You kill the bat!
c - a ring of ice You see here a bat corpse.
d - a glowing grey potion You see here 4 poisoned darts.
You see here 4 poisoned darts.
e - 4 poisoned darts You see here a +0 hand axe.
Found 10 gold pieces.
You now have 10 gold pieces.
A kobold comes into view. It is wielding a +0 whip.
The kobold shouts!
The kobold barely misses you. The kobold hits you with a +0 whip.
The kobold misses you. As you open the door, it creaks loudly!
The kobold throws a stone.
The stone closely misses you.
Found a scroll labelled ROIDE QEM MAO and a dagger.
The kobold throws a stone.
The stone misses you.
There is an open door here.
The kobold throws a stone.
The stone barely misses you.
The kobold throws a stone.
The stone hits you but does no damage.
The kobold throws a stone.
The stone hits you.
The kobold throws a stone.
The stone hits you but does no damage.
You open the door.
There is an open door here.
Found a ring mail.
There is an open door here.
You hit the kobold but do no damage. The kobold barely misses you.
You closely miss the kobold. The kobold hits you with a +0 whip.
You closely miss the kobold. Your punch misses the kobold.
The kobold hits you with a +0 whip.
* * * LOW HITPOINT WARNING * * *
The kobold hits you with a +0 whip.
You die...

##.....##
##.......##
#.........#
+........?+
#...).....#
##.......##
##.....##
##.K.##
##@## #.#
#.# #.# ...
.....
#......
[.#.#..#
.#####.#.


You could see a kobold.

Vanquished Creatures
  A bat (D:1)
1 creature vanquished.

Notes
Turn   | Place    | Note
-------+----------+-------------------------------------------
     0 | D:1      | joe1234567 the Vampire Necromancer began the quest for the
                  | Orb.
     0 | D:1      | Reached XP level 1. HP: 13/13 MP: 3/3
   199 | D:1      | Slain by a kobold

Illustrated notes

Levels and vault maps discovered:
D:1:      pf_arrival_petrified_forest, layout_loops_corners,
          dreamdust_ecumenical_altar_statues, serial_shops, nicolae_shop_trees,
          hangedman_decor_push

Action                   || total
-------------------------++-------
Melee: Hand axe          ||     8
Armor: Robe              ||     6
Dodge: Dodged            ||    14
